Workbook

Sheet 1A
C5: The IL&FS Financial Centre, 7th Floor, Plot C-22, G-Block, Bandra Kurla Complex, Bandra East, Mumbai-400051 (www.ilfsinfrafund.com)
C7: IL&FS Infrastructure Debt Fund Series 1A
C8: Monthly Portfolio statement as on March 31, 2019
C11: Sr. No. | D11: Name of Instrument | E11: Rating | F11: ISIN | G11: Quantity | H11: Market value | I11: % to Net Assets
H12: (` In lakhs)
D14: Debt Instrument-Listed
A15: =+$C$7&D15 -> IL&FS Infrastructure Debt Fund Series 1AIl&Fs Wind Energy Limited | C15: 1 | D15: Il&Fs Wind Energy Limited | E15: =+VLOOKUP(D15,Rating!$A$3:$B$21,2,0) -> ICRA D | F15: INE810V08023 | G15: 0 | H15: 0 | I15: =+H15/$H$38 -> #DIV/0!
A16: =+$C$7&D16 -> IL&FS Infrastructure Debt Fund Series 1A
A17: =+$C$7&D17 -> IL&FS Infrastructure Debt Fund Series 1ADebt Instrument-Privately Placed-Unlisted | D17: Debt Instrument-Privately Placed-Unlisted
A18: =+$C$7&D18 -> IL&FS Infrastructure Debt Fund Series 1AAbhitech Developers Private Limited | C18: 4 | D18: Abhitech Developers Private Limited | E18: =+VLOOKUP(D18,Rating!$A$3:$B$21,2,0) -> Unrated | F18: INE683V07026 | G18: =+VLOOKUP(F18,'[1]Portfolio disclosure'!D$11:G$23,2,0) -> 0 | H18: =+VLOOKUP(F18,'[1]Portfolio disclosure'!D$11:G$23,4,0) -> 0 | I18: =+H18/$H$38 -> #DIV/0!
A19: =+$C$7&D19 -> IL&FS Infrastructure Debt Fund Series 1AClean Max Enviro Energy Solutions Private Limited | C19: 5 | D19: Clean Max Enviro Energy Solutions Private Limited | E19: =+VLOOKUP(D19,Rating!$A$3:$B$21,2,0) -> ICRA BBB+ | F19: INE647U07015 | G19: =+VLOOKUP(F19,'[1]Portfolio disclosure'!D$11:G$23,2,0) -> 0 | H19: =+VLOOKUP(F19,'[1]Portfolio disclosure'!D$11:G$23,4,0) -> 0 | I19: =+H19/$H$38 -> #DIV/0!
A20: =+$C$7&D20 -> IL&FS Infrastructure Debt Fund Series 1AGhv Hospitality (India) Private Limited | C20: 6 | D20: Ghv Hospitality (India) Private Limited | E20: =+VLOOKUP(D20,Rating!$A$3:$B$21,2,0) -> Unrated | F20: INE01F007012 | G20: =+VLOOKUP(F20,'[1]Portfolio disclosure'!D$11:G$23,2,0) -> 0 | H20: =+VLOOKUP(F20,'[1]Portfolio disclosure'!D$11:G$23,4,0) -> 0 | I20: =+H20/$H$38 -> #DIV/0!
A21: =+$C$7&D21 -> IL&FS Infrastructure Debt Fund Series 1ABhilangana Hydro Power Limited | C21: 7 | D21: Bhilangana Hydro Power Limited | E21: =+VLOOKUP(D21,Rating!$A$3:$B$21,2,0) -> CARE A | F21: INE453I07153 | G21: =+VLOOKUP(F21,'[1]Portfolio disclosure'!D$11:G$23,2,0) -> 0 | H21: =+VLOOKUP(F21,'[1]Portfolio disclosure'!D$11:G$23,4,0) -> 0 | I21: =+H21/$H$38 -> #DIV/0!
A22: =+$C$7&D22 -> IL&FS Infrastructure Debt Fund Series 1ABhilangana Hydro Power Limited | C22: 9 | D22: Bhilangana Hydro Power Limited | E22: =+VLOOKUP(D22,Rating!$A$3:$B$21,2,0) -> CARE A | F22: INE453I07161 | G22: =+VLOOKUP(F22,'[1]Portfolio disclosure'!D$11:G$23,2,0) -> 0 | H22: =+VLOOKUP(F22,'[1]Portfolio disclosure'!D$11:G$23,4,0) -> 0 | I22: =+H22/$H$38 -> #DIV/0!
D23: Total | H23: =SUM(H15:H22) -> 0 | I23: =SUM(I15:I22) -> #DIV/0! | Q23: =+O23-P23 -> 0
D25: Money Market Instruments
B26: =+$C$7&D26 -> IL&FS Infrastructure Debt Fund Series 1ACollateralised Borrowing & Lending Obligation (CBLO) | D26: Collateralised Borrowing & Lending Obligation (CBLO) | H26: =+SUMIF(PPA!$B:$B,'1A'!$B$26,PPA!$K:$K)/100000 -> 0 | I26: =+H26/$H$38 -> #DIV/0!
D28: Total | H28: =SUM(H26:H27) -> 0 | I28: =SUM(I26:I27) -> #DIV/0!
B30: =+$C$7&D30 -> IL&FS Infrastructure Debt Fund Series 1ACBLO Margin | D30: CBLO Margin | H30: =+SUMIF(PPA!$B:$B,'1A'!$B$30,PPA!$K:$K)/100000 -> 0 | I30: =+H30/$H$38 -> #DIV/0!
D32: Total | H32: =SUM(H30:H31) -> 0 | I32: =SUM(I30:I31) -> #DIV/0!
D34: Others
C35: 1 | D35: Net Receivable/(Payable) | H35: =+H38-H36-H32-H28-H23 -> -8.034961 | I35: =+H35/$H$38 -> #DIV/0!
B36: =+$C$7&D36 -> IL&FS Infrastructure Debt Fund Series 1ACash & Cash Equivalents | C36: 2 | D36: Cash & Cash Equivalents | H36: =+SUMIF(PPA!$B:$B,'1A'!$B$36,PPA!$K:$K)/100000 -> 8.034961 | I36: =+H36/$H$38 -> #DIV/0!
D37: Total | H37: =SUM(H35:H36) -> 0 | I37: =SUM(I35:I36) -> #DIV/0!
D38: Grand Total | H38: =+PPA!K41/100000 -> 0 | I38: =+I23+I28+I32+I37 -> #DIV/0!
D40: Mutual Fund investments are subject to market risks, read all scheme related documents carefully
G42: 3.8963422e+09 | H42: =+G42/100000 -> 38963.422
H43: =+H38-H42 -> -38963.422

Sheet 1B
C5: The IL&FS Financial Centre, 1st Floor, Plot C-22, G-Block, Bandra Kurla Complex, Bandra East, Mumbai-400051 (www.ilfsinfrafund.com)
C6: IL&FS Infrastructure Debt Fund Series 1B
C7: Monthly Portfolio statement as on August 31, 2019
C10: Sr. No. | D10: Name of Instrument | E10: Rating | F10: ISIN | G10: Quantity | H10: Market value | I10: % to Net Assets
H11: (` In lakhs)
D13: Debt Instrument-Listed
A14: IL&FS Infrastructure Debt Fund Series 1BIL&FS Solar Power Limited | C14: 1 | D14: IL&FS Solar Power Limited | E14: ICRA BB+ (SO) | F14: INE656Y08016 | G14: 547 | H14: 6625.0694 | I14: =+H14/$H$46 -> 0.159002
A15: IL&FS Infrastructure Debt Fund Series 1BIL&FS Wind Energy Limited | C15: =+C14+1 -> 2 | D15: IL&FS Wind Energy Limited | E15: ICRA D | F15: INE810V08031 | G15: 200 | H15: 2532.1169 | I15: =+H15/$H$46 -> 0.060770932
A16: IL&FS Infrastructure Debt Fund Series 1BIL&FS Wind Energy Limited. | C16: =+C15+1 -> 3 | D16: Bhilwara Green Energy Limited | E16: ICRA BBB | F16: INE030N07027 | G16: 117143 | H16: 1032.708 | I16: =+H16/$H$46 -> 0.024785043
D18: Debt Instrument-Privately Placed-Unlisted
C19: =+C16+1 -> 4 | D19: Williamson Magor & Co. Limited | E19: Unrated | F19: INE210A07014 | G19: 578 | H19: 5846.2721 | I19: =+H19/$H$46 -> 0.14031082
A20: IL&FS Infrastructure Debt Fund Series 1BBhilangana Hydro Power Limited | C20: =+C19+1 -> 5 | D20: Bhilangana Hydro Power Limited | E20: CARE A | F20: INE453I07161 | G20: 580 | H20: 5800 | I20: =+H20/$H$46 -> 0.13920029
A21: IL&FS Infrastructure Debt Fund Series 1BGHV Hospitality India Pvt Limited | C21: =+C20+1 -> 6 | D21: GHV Hospitality (India) Private Limited | E21: Unrated | F21: INE01F007012 | G21: 340 | H21: 3468.0008 | I21: =+H21/$H$46 -> 0.083232193
A22: IL&FS Infrastructure Debt Fund Series 1B Babcock Borsig Limited | C22: =+C21+1 -> 7 | D22: Abhitech Developers Private Limited | E22: Unrated | F22: INE683V07026 | G22: 266000 | H22: 2660 | I22: =+H22/$H$46 -> 0.063840134
A23: IL&FS Infrastructure Debt Fund Series 1BAbhitech Developers Private Limited | C23: =+C22+1 -> 8 | D23: Abhitech Developers Private Limited | E23: Unrated | F23: INE683V07018 | G23: 245000 | H23: 2450 | I23: =+H23/$H$46 -> 0.058800123
A24: IL&FS Infrastructure Debt Fund Series 1BWilliamson Magor & Co. Limited | C24: =+C23+1 -> 9 | D24: Babcock Borsing Limited | E24: Unrated | F24: INE434K07019 | G24: 150 | H24: 1609.6492 | I24: =+H24/$H$46 -> 0.038631663
C25: =+C24+1 -> 10 | D25: Clean Max Enviro Energy Solutions Private Limited | E25: ICRA BBB+ | F25: INE647U07015 | G25: 113 | H25: 847.5 | I25: =+H25/$H$46 -> 0.020340043
C26: =+C25+1 -> 11 | D26: Bhilangana Hydro Power Limited | E26: CARE A | F26: INE453I07146 | G26: 35 | H26: 350 | I26: =+H26/$H$46 -> 0.0084000176
A27: IL&FS Infrastructure Debt Fund Series 1B | C27: =+C26+1 -> 12 | D27: Time Technoplast Limited | E27: Unrated | F27: INE508G07018 | G27: 27816 | H27: 278.16 | I27: =+H27/$H$46 -> 0.006675854
C28: =+C27+1 -> 13 | D28: Bhilangana Hydro Power Limited | E28: CARE A | F28: INE453I07138 | G28: 25 | H28: 250 | I28: =+H28/$H$46 -> 0.0060000126
C29: =+C28+1 -> 14 | D29: Babcock Borsing Limited | E29: Unrated | F29: INE434K07027 | G29: 20 | H29: 214.30467 | I29: =+H29/$H$46 -> 0.0051433228
C30: =+C29+1 -> 15 | D30: AMRI Hospital Limited | E30: CARE A- (SO) | F30: INE437M07042 | G30: 20 | H30: 199.9589 | I30: =+H30/$H$46 -> 0.0047990237
C31: =+C30+1 -> 16 | D31: Bhilangana Hydro Power Limited | E31: CARE A | F31: INE453I07153 | G31: 16 | H31: 160 | I31: =+H31/$H$46 -> 0.003840008
D32: Total | H32: 34323.74 | I32: =SUM(I14:I31) -> 0.82377148
D34: Money Market Instruments | K34: Sector / Rating | L34: Percent
B35: =+$C$6&D35 -> IL&FS Infrastructure Debt Fund Series 1BTriparty Repo | D35: Triparty Repo | H35: 7219.245 | I35: =+H35/$H$46 -> 0.17326224 | K35: CRISIL A1+ | L35: 0.2227
K36: India Rating BBB+ | L36: 0.0921
D37: Total | H37: 7219.245 | I37: =SUM(I35:I36) -> 0.17326224 | K37: Cash & Equivalent | L37: 0.0161
B39: =+$C$6&D39 -> IL&FS Infrastructure Debt Fund Series 1BTriparty Repo Margin | D39: Triparty Repo Margin | H39: 15 | I39: =+H39/$H$46 -> 0.00036000075
D40: Total | H40: 15 | I40: =SUM(I39) -> 0.00036000075
D42: Others
C43: 1 | D43: Net Receivable/Payable | H43: -50.724873 | I43: =+H43/$H$46 -> -0.0012173995
B44: =+$C$6&D44 -> IL&FS Infrastructure Debt Fund Series 1BCash & Cash Equivalents | C44: 2 | D44: Cash & Cash Equivalents | H44: 159.31939 | I44: =+H44/$H$46 -> 0.0038236733
D45: Total | H45: 108.59451 | I45: =SUM(I43:I44) -> 0.0026062738
D46: Grand Total | H46: 41666.579 | I46: =+I45+I40+I37+I32 -> 1
D48: Mutual Fund investments are subject to market risks, read all scheme related documents carefully
G51: 3.852457e+09 | H51: 38524.57
H52: 3142.0093

Sheet 1C
C5: The IL&FS Financial Centre, 1st Floor, Plot C-22, G-Block, Bandra Kurla Complex, Bandra East, Mumbai-400051 (www.ilfsinfrafund.com)
C6: IL&FS Infrastructure Debt Fund Series 1C
C7: =+'1B'!C7:I7 -> Monthly Portfolio statement as on August 31, 2019
C10: Sr. No. | D10: Name of Instrument | E10: Rating | F10: ISIN | G10: Quantity | H10: Market value | I10: % to Net Assets
H11: (` In lakhs)
D13: Debt Instrument-Listed
A14: =+$C$6&D14 -> IL&FS Infrastructure Debt Fund Series 1CIL&FS Solar Power Limited | C14: 1 | D14: IL&FS Solar Power Limited | E14: ICRA BB+ (SO) | F14: INE656Y08016 | G14: 619 | H14: 7497.1078 | I14: =+H14/$H$44 -> 0.15313753
A15: =+$C$6&D15 -> IL&FS Infrastructure Debt Fund Series 1CBhilwara Green Energy Limited | C15: =+C14+1 -> 2 | D15: Bhilwara Green Energy Limited | E15: ICRA BBB | F15: INE030N07035 | G15: 458496 | H15: 4584.96 | I15: =+H15/$H$44 -> 0.093653377
A16: =+$C$6&D16 -> IL&FS Infrastructure Debt Fund Series 1CIL&FS Wind Energy Limited | C16: =+C15+1 -> 3 | D16: IL&FS Wind Energy Limited | E16: ICRA D | F16: INE810V08015 | G16: 299 | H16: 3785.5147 | I16: =+H16/$H$44 -> 0.077323736
A17: =+$C$6&D17 -> IL&FS Infrastructure Debt Fund Series 1C
A18: =+$C$6&D18 -> IL&FS Infrastructure Debt Fund Series 1CDebt Instrument-Privately Placed-Unlisted | D18: Debt Instrument-Privately Placed-Unlisted
C19: =+C16+1 -> 4 | D19: Kanchanjunga Power Company Private Limited | E19: CARE BBB+ | F19: INE117N07014 | G19: 650 | H19: 6300 | I19: =+H19/$H$44 -> 0.12868515
A20: =+$C$6&D20 -> IL&FS Infrastructure Debt Fund Series 1CBabcock Borsing Limited | C20: =+C19+1 -> 5 | D20: Babcock Borsing Limited | E20: Unrated | F20: INE434K07019 | G20: 552 | H20: 5923.5092 | I20: =+H20/$H$44 -> 0.12099487
A21: =+$C$6&D21 -> IL&FS Infrastructure Debt Fund Series 1CWilliamson Magor & Co. Limited | C21: =+C20+1 -> 6 | D21: Williamson Magor & Co. Limited | E21: Unrated | F21: INE210A07014 | G21: 380 | H21: 3843.5699 | I21: =+H21/$H$44 -> 0.078509583
A22: =+$C$6&D22 -> IL&FS Infrastructure Debt Fund Series 1CGHV Hospitality (India) Private Limited | C22: =+C21+1 -> 7 | D22: GHV Hospitality (India) Private Limited | E22: Unrated | F22: INE01F007012 | G22: 286 | H22: 2917.2006 | I22: =+H22/$H$44 -> 0.059587366
A23: =+$C$6&D23 -> IL&FS Infrastructure Debt Fund Series 1CBhilangana Hydro Power Limited | C23: =+C22+1 -> 8 | D23: Bhilangana Hydro Power Limited | E23: CARE A | F23: INE453I07161 | G23: 261 | H23: 2610 | I23: =+H23/$H$44 -> 0.05331242
A24: =+$C$6&D24 -> IL&FS Infrastructure Debt Fund Series 1CClean Max Enviro Energy Solutions Private Limited | C24: =+C23+1 -> 9 | D24: Clean Max Enviro Energy Solutions Private Limited | E24: ICRA BBB+ | F24: INE647U07015 | G24: 173 | H24: 1297.5 | I24: =+H24/$H$44 -> 0.026503013
A25: =+$C$6&D25 -> IL&FS Infrastructure Debt Fund Series 1CAMRI Hospital Limited | C25: =+C24+1 -> 10 | D25: AMRI Hospital Limited | E25: CARE A- (SO) | F25: INE437M07059 | G25: 120 | H25: 1199.7534 | I25: =+H25/$H$44 -> 0.024506421
C26: =+C25+1 -> 11 | D26: Babcock Borsing Limited | E26: Unrated | F26: INE434K07027 | G26: 85 | H26: 896.79715 | I26: =+H26/$H$44 -> 0.018318171
A27: =+$C$6&D27 -> IL&FS Infrastructure Debt Fund Series 1CAbhitech Developers Private Limited | C27: =+C26+1 -> 12 | D27: Abhitech Developers Private Limited | E27: Unrated | F27: INE683V07026 | G27: 61000 | H27: 610 | I27: =+H27/$H$44 -> 0.012459991
C28: =+C27+1 -> 13 | D28: Bhilangana Hydro Power Limited | E28: CARE A | F28: INE453I07153 | G28: 47 | H28: 470 | I28: =+H28/$H$44 -> 0.0096003208
C29: =+C28+1 -> 14 | D29: Bhilangana Hydro Power Limited | E29: CARE A | F29: INE453I07146 | G29: 40 | H29: 400 | I29: =+H29/$H$44 -> 0.0081704858
C30: =+C29+1 -> 15 | D30: Time Technoplast Limited | E30: Unrated | F30: INE508G07018 | G30: 10061 | H30: 100.61 | I30: =+H30/$H$44 -> 0.0020550814
D31: Total | H31: 42436.523 | I31: =SUM(I14:I30) -> 0.86681752
D33: Money Market Instruments | K33: Sector / Rating | L33: Percent
B34: =+$C$6&D34 -> IL&FS Infrastructure Debt Fund Series 1CTriparty Repo | D34: Triparty Repo | H34: 6360.3123 | I34: =+H34/$H$44 -> 0.1299171 | K34: CRISIL A1+ | L34: 0.4026
D35: Total | H35: 6360.3123 | I35: =SUM(I34) -> 0.1299171
B37: =+$C$6&D37 -> IL&FS Infrastructure Debt Fund Series 1CTriparty Repo Margin | D37: Triparty Repo Margin | H37: 35.5 | I37: =+H37/$H$44 -> 0.00072513062
D38: Total | H38: 35.5 | I38: =SUM(I37) -> 0.00072513062
D40: Others
C41: 1 | D41: Net Receivable/Payable | H41: -59.669613 | I41: =+H41/$H$44 -> -0.0012188243
B42: =+$C$6&D42 -> IL&FS Infrastructure Debt Fund Series 1CCash & Cash Equivalents | C42: 2 | D42: Cash & Cash Equivalents | H42: 184.03166 | I42: =+H42/$H$44 -> 0.0037590701
D43: Total | H43: 124.36205 | I43: =SUM(I41:I42) -> 0.0025402458
D44: Grand Total | H44: 48956.697 | I44: =+I31+I35+I38+I43 -> 1
D46: Mutual Fund investments are subject to market risks, read all scheme related documents carefully
G48: 4.4966721e+09 | H48: 44966.721
H49: 3989.9765

Sheet 2A
C5: The IL&FS Financial Centre, 1st Floor, Plot C-22, G-Block, Bandra Kurla Complex, Bandra East, Mumbai-400051 (www.ilfsinfrafund.com)
C7: IL&FS Infrastructure Debt Fund Series 2A
C8: =+'1C'!C7:I7 -> Monthly Portfolio statement as on August 31, 2019
C11: Sr. No. | D11: Name of Instrument | E11: Rating | F11: ISIN | G11: Quantity | H11: Market value | I11: % to Net Assets
H12: (` In lakhs)
D14: Debt Instrument-Listed
A15: =+$C$7&D15 -> IL&FS Infrastructure Debt Fund Series 2AIL&FS Wind Energy Limited | C15: 1 | D15: IL&FS Wind Energy Limited | E15: ICRA D | F15: INE810V08015 | G15: 338 | H15: 4279.2775 | I15: =+H15/$H$45 -> 0.25210464
A16: =+$C$7&D16 -> IL&FS Infrastructure Debt Fund Series 2A
A17: =+$C$7&D17 -> IL&FS Infrastructure Debt Fund Series 2ADebt Instrument-Privately Placed-Unlisted | D17: Debt Instrument-Privately Placed-Unlisted
C18: =+C15+1 -> 2 | D18: Babcock Borsing Limited | E18: Unrated | F18: INE434K07019 | G18: 334 | H18: 3584.1523 | I18: =+H18/$H$45 -> 0.2111528
A19: =+$C$7&D19 -> IL&FS Infrastructure Debt Fund Series 2AGHV Hospitality (India) Private Limited | C19: =+C18+1 -> 3 | D19: GHV Hospitality (India) Private Limited | E19: Unrated | F19: INE01F007012 | G19: 228 | H19: 2325.6005 | I19: =+H19/$H$45 -> 0.13700786
A20: =+$C$7&D20 -> IL&FS Infrastructure Debt Fund Series 2AKanchanjunga Power Company Private Limited | C20: =+C19+1 -> 4 | D20: Kanchanjunga Power Company Private Limited | E20: CARE BBB+ | F20: INE117N07022 | G20: 90 | H20: 900 | I20: =+H20/$H$45 -> 0.053021608
A21: =+$C$7&D21 -> IL&FS Infrastructure Debt Fund Series 2AJanaadhar (India) Private Limited | C21: =+C20+1 -> 5 | D21: Janaadhar (India) Private Limited | E21: [ICRA]BBB - | F21: INE882W07014 | G21: 60 | H21: 540 | I21: =+H21/$H$45 -> 0.031812965
A22: =+$C$7&D22 -> IL&FS Infrastructure Debt Fund Series 2AJanaadhar (India) Private Limited | C22: =+C21+1 -> 6 | D22: Janaadhar (India) Private Limited | E22: [ICRA]BBB - | F22: INE882W07022 | G22: 25 | H22: 225 | I22: =+H22/$H$45 -> 0.013255402
A23: =+$C$7&D23 -> IL&FS Infrastructure Debt Fund Series 2AKaynes Technology India Private Limited | C23: =+C22+1 -> 7 | D23: Kaynes Technology India Private Limited | E23: CRISIL BB+ | F23: INE918Z07019 | G23: 200 | H23: 186.25 | I23: =+H23/$H$45 -> 0.010972527
A24: =+$C$7&D24 -> IL&FS Infrastructure Debt Fund Series 2AAbhitech Developers Private Limited | C24: =+C23+1 -> 8 | D24: Abhitech Developers Private Limited | E24: Unrated | F24: INE683V07026 | G24: 16000 | H24: 160 | I24: =+H24/$H$45 -> 0.0094260636
A25: =+$C$7&D25 -> IL&FS Infrastructure Debt Fund Series 2AClean Max Enviro Energy Solutions Private Limited | C25: =+C24+1 -> 9 | D25: Clean Max Enviro Energy Solutions Private Limited | E25: ICRA BBB+ | F25: INE647U07015 | G25: 18 | H25: 135 | I25: =+H25/$H$45 -> 0.0079532411
A26: =+$C$7&D26 -> IL&FS Infrastructure Debt Fund Series 2ABhilangana Hydro Power Limited | C26: =+C25+1 -> 10 | D26: Bhilangana Hydro Power Limited | E26: CARE A | F26: INE453I07153 | G26: 11 | H26: 110 | I26: =+H26/$H$45 -> 0.0064804187
C27: =+C26+1 -> 11 | D27: Bhilangana Hydro Power Limited | E27: CARE A | F27: INE453I07138 | G27: 8 | H27: 80 | I27: =+H27/$H$45 -> 0.0047130318
C28: =+C27+1 -> 12 | D28: Bhilangana Hydro Power Limited | E28: CARE A | F28: INE453I07146 | G28: 8 | H28: 80 | I28: =+H28/$H$45 -> 0.0047130318
C29: =+C28+1 -> 13 | D29: Williamson Magor & Co. Limited | E29: Unrated | F29: INE210A07014 | G29: 7 | H29: 70.80261 | I29: =+H29/$H$45 -> 0.0041711869
C30: =+C29+1 -> 14 | D30: Babcock Borsing Limited | E30: Unrated | F30: INE434K07027 | G30: 5 | H30: 53.576165 | I30: =+H30/$H$45 -> 0.0031563271
C31: =+C30+1 -> 15 | D31: AMRI Hospital Limited | E31: CARE A- (SO) | F31: INE437M07067 | G31: 6 | H31: 49.32857 | I31: =+H31/$H$45 -> 0.002906089
D32: Total | H32: 12778.988 | I32: =SUM(I15:I31) -> 0.75284719
D34: Money Market Instruments
B35: =+$C$7&D35 -> IL&FS Infrastructure Debt Fund Series 2ATriparty Repo | D35: Triparty Repo | H35: 4027.0444 | I35: =+H35/$H$45 -> 0.23724485 | K35: Sector / Rating | L35: Percent
D36: Total | H36: 4027.0444 | I36: =SUM(I35) -> 0.23724485
B38: =+$C$7&D38 -> IL&FS Infrastructure Debt Fund Series 2ATriparty Repo Margin | D38: Triparty Repo Margin | H38: 154.5 | I38: =+H38/$H$45 -> 0.0091020426
D39: Total | H39: 154.5 | I39: =SUM(I38) -> 0.0091020426
D41: Others
C42: 1 | D42: Net Receivable/Payable | H42: -20.384603 | I42: =+H42/$H$45 -> -0.001200916
B43: =+$C$7&D43 -> IL&FS Infrastructure Debt Fund Series 2ACash & Cash Equivalents | C43: 2 | D43: Cash & Cash Equivalents | H43: 34.064446 | I43: =+H43/$H$45 -> 0.0020068352
D44: Total | H44: 13.679843 | I44: =SUM(I42:I43) -> 0.00080591919
D45: Grand Total | H45: 16974.212 | I45: =+I32+I36+I39+I44 -> 1
D47: Undrawn Amount for Scheme 2A | I47: 506250000
D48: Mutual Fund investments are subject to market risks, read all scheme related documents carefully
G50: 1.5767578e+09 | H50: 15767.578
H51: 1206.6337

Sheet 2B
C5: The IL&FS Financial Centre, 1st Floor, Plot C-22, G-Block, Bandra Kurla Complex, Bandra East, Mumbai-400051 (www.ilfsinfrafund.com)
C6: IL&FS Infrastructure Debt Fund Series 2B
C7: =+'2A'!C8:I8 -> Monthly Portfolio statement as on August 31, 2019
C10: Sr. No. | D10: Name of Instrument | E10: Rating | F10: ISIN | G10: Quantity | H10: Market value | I10: % to Net Assets
H11: (` In lakhs)
D13: Debt Instrument-Listed
A14: =+$C$6&D14 -> IL&FS Infrastructure Debt Fund Series 2BIL&FS Wind Energy Limited | B14: =+vl -> #NAME? | C14: 1 | D14: IL&FS Wind Energy Limited | E14: ICRA D | F14: INE810V08015 | G14: 206 | H14: 2608.0804 | I14: =+H14/$H$45 -> 0.11028803
A15: =+$C$6&D15 -> IL&FS Infrastructure Debt Fund Series 2BIL&FS Solar Power Limited | C15: =+C14+1 -> 2 | D15: IL&FS Solar Power Limited | E15: ICRA BB+ (SO) | F15: INE656Y08016 | G15: 17 | H15: 205.89795 | I15: =+H15/$H$45 -> 0.008706817
A16: =+$C$6&D16 -> IL&FS Infrastructure Debt Fund Series 2B
A17: =+$C$6&D17 -> IL&FS Infrastructure Debt Fund Series 2BDebt Instrument-Privately Placed-Unlisted | D17: Debt Instrument-Privately Placed-Unlisted
C18: =+C15+1 -> 3 | D18: Abhitech Developers Private Limited | E18: Unrated | F18: INE683V07026 | G18: 512000 | H18: 5120 | I18: =+H18/$H$45 -> 0.2165097
A19: =+$C$6&D19 -> IL&FS Infrastructure Debt Fund Series 2BTime Technoplast Limited | C19: =+C18+1 -> 4 | D19: Time Technoplast Limited | E19: Unrated | F19: INE508G07018 | G19: 347806 | H19: 3478.06 | I19: =+H19/$H$45 -> 0.1470769
A20: =+$C$6&D20 -> IL&FS Infrastructure Debt Fund Series 2BGHV Hospitality (India) Private Limited | C20: =+C19+1 -> 5 | D20: GHV Hospitality (India) Private Limited | E20: Unrated | F20: INE01F007012 | G20: 146 | H20: 1489.2003 | I20: =+H20/$H$45 -> 0.062973889
A21: =+$C$6&D21 -> IL&FS Infrastructure Debt Fund Series 2BKaynes Technology India Private Limited | C21: =+C20+1 -> 6 | D21: Kaynes Technology India Private Limited | E21: CRISIL BB+ | F21: INE918Z07019 | G21: 1300 | H21: 1210.625 | I21: =+H21/$H$45 -> 0.05119376
A22: =+$C$6&D22 -> IL&FS Infrastructure Debt Fund Series 2BAMRI Hospital Limited | C22: =+C21+1 -> 7 | D22: AMRI Hospital Limited | E22: CARE A- (SO) | F22: INE437M07075 | G22: 84 | H22: 839.8274 | I22: =+H22/$H$45 -> 0.035513824
A23: =+$C$6&D23 -> IL&FS Infrastructure Debt Fund Series 2BBabcock Borsing Limited | C23: =+C22+1 -> 8 | D23: Babcock Borsing Limited | E23: Unrated | F23: INE434K07019 | G23: 68 | H23: 729.70766 | I23: =+H23/$H$45 -> 0.030857185
A24: =+$C$6&D24 -> IL&FS Infrastructure Debt Fund Series 2BClean Max Enviro Energy Solutions Private Limited | C24: =+C23+1 -> 9 | D24: Clean Max Enviro Energy Solutions Private Limited | E24: ICRA BBB+ | F24: INE647U07015 | G24: 97 | H24: 727.5 | I24: =+H24/$H$45 -> 0.030763829
A25: =+$C$6&D25 -> IL&FS Infrastructure Debt Fund Series 2BBabcock Borsing Limited | C25: =+C24+1 -> 10 | D25: Babcock Borsing Limited | E25: Unrated | F25: INE434K07027 | G25: 60 | H25: 642.91398 | I25: =+H25/$H$45 -> 0.027186936
A26: =+$C$6&D26 -> IL&FS Infrastructure Debt Fund Series 2BJanaadhar (India) Private Limited | C26: =+C25+1 -> 11 | D26: Janaadhar (India) Private Limited | E26: [ICRA]BBB - | F26: INE882W07014 | G26: 60 | H26: 540 | I26: =+H26/$H$45 -> 0.022835007
C27: =+C26+1 -> 12 | D27: Bhilangana Hydro Power Limited | E27: CARE A | F27: INE453I07153 | G27: 40 | H27: 399.99994 | I27: =+H27/$H$45 -> 0.016914818
A28: =+$C$6&D28 -> IL&FS Infrastructure Debt Fund Series 2BWilliamson Magor & Co. Limited | C28: =+C27+1 -> 13 | D28: Williamson Magor & Co. Limited | E28: Unrated | F28: INE210A07014 | G28: 20 | H28: 202.29315 | I28: =+H28/$H$45 -> 0.0085543807
C29: =+C28+1 -> 14 | D29: Kanchanjunga Power Company Private Limited | E29: CARE BBB+ | F29: INE117N07030 | G29: 20 | H29: 200 | I29: =+H29/$H$45 -> 0.0084574101
C30: =+C29+1 -> 15 | D30: Bhilangana Hydro Power Limited | E30: CARE A | F30: INE453I07146 | G30: 16 | H30: 160 | I30: =+H30/$H$45 -> 0.0067659281
C31: =+C30+1 -> 16 | D31: Bhilangana Hydro Power Limited | E31: CARE A | F31: INE453I07161 | G31: 10 | H31: 100 | I31: =+H31/$H$45 -> 0.0042287051
D32: Total | H32: 18654.106 | I32: =SUM(I14:I31) -> 0.78882711
D34: Money Market Instruments | K34: Sector / Rating | L34: Percent
B35: =+$C$6&D35 -> IL&FS Infrastructure Debt Fund Series 2BTriparty Repo | D35: Triparty Repo | H35: 4705.2307 | I35: =+H35/$H$45 -> 0.19897033 | K35: CRISIL A1+ | L35: 0.2227
D36: Total | H36: 4705.2307 | I36: =SUM(I35) -> 0.19897033 | K36: Cash & Equivalent | L36: 0.0161
B38: =+$C$6&D38 -> IL&FS Infrastructure Debt Fund Series 2BTriparty Repo Margin | D38: Triparty Repo Margin | H38: 168.1 | I38: =+H38/$H$45 -> 0.0071084532
D39: Total | H39: 168.1 | I39: =SUM(I38) -> 0.0071084532
D41: Others
B42: =+$C$6&D42 -> IL&FS Infrastructure Debt Fund Series 2BCash & Cash Equivalents | C42: 1 | D42: Cash & Cash Equivalents | H42: 148.93609 | I42: =+H42/$H$45 -> 0.006298068
C43: 2 | D43: Net Receivable/Payable | H43: -28.471197 | I43: =+H43/$H$45 -> -0.0012039629
D44: Total | H44: 120.46489 | I44: =SUM(I42:I43) -> 0.005094105
D45: Grand Total | H45: 23647.901 | I45: =+I32+I36+I39+I44 -> 1
D47: Undrawn Amount for Scheme 2B | I47: 675000000
D48: Mutual Fund investments are subject to market risks, read all scheme related documents carefully
G50: 2.1563122e+09 | H50: 21563.122
H51: 2084.7797

Sheet 2C
C5: The IL&FS Financial Centre, 1st Floor, Plot C-22, G-Block, Bandra Kurla Complex, Bandra East, Mumbai-400051 (www.ilfsinfrafund.com)
C6: IL&FS Infrastructure Debt Fund Series 2C
C7: =+'2B'!C7:I7 -> Monthly Portfolio statement as on August 31, 2019
C10: Sr. No. | D10: Name of Instrument | E10: Rating | F10: ISIN | G10: Quantity | H10: Market value | I10: % to Net Assets
H11: (` In lakhs)
D13: Debt Instrument-Listed
A14: =+$C$6&D14 -> IL&FS Infrastructure Debt Fund Series 2CIL&FS Solar Power Limited | C14: 1 | D14: IL&FS Solar Power Limited | E14: ICRA BB+ (SO) | F14: INE656Y08016 | G14: 472 | H14: 5701.2309 | I14: =+H14/$H$40 -> 0.30322573
A15: =+$C$6&D15 -> IL&FS Infrastructure Debt Fund Series 2CIL&FS Wind Energy Limited | C15: =+C14+1 -> 2 | D15: IL&FS Wind Energy Limited | E15: ICRA D | F15: INE810V08015 | G15: 5 | H15: 63.30292 | I15: =+H15/$H$40 -> 0.0033668298
A16: =+$C$6&D16 -> IL&FS Infrastructure Debt Fund Series 2C
A17: =+$C$6&D17 -> IL&FS Infrastructure Debt Fund Series 2CDebt Instrument-Privately Placed-Unlisted | D17: Debt Instrument-Privately Placed-Unlisted
C18: =+C15+1 -> 3 | D18: Abhitech Developers Private Limited | E18: Unrated | F18: INE683V07026 | G18: 395000 | H18: 3950 | I18: =+H18/$H$40 -> 0.21008474
A19: =+$C$6&D19 -> IL&FS Infrastructure Debt Fund Series 2CAMRI Hospital Limited | C19: =+C18+1 -> 4 | D19: AMRI Hospital Limited | E19: CARE A- (SO) | F19: INE437M07083 | G19: 365 | H19: 3649.25 | I19: =+H19/$H$40 -> 0.19408905
A20: =+$C$6&D20 -> IL&FS Infrastructure Debt Fund Series 2CKanchanjunga Power Company Private Limited | C20: =+C19+1 -> 5 | D20: Kanchanjunga Power Company Private Limited | E20: CARE BBB+ | F20: INE117N07048 | G20: 280 | H20: 2800 | I20: =+H20/$H$40 -> 0.14892083
A21: =+$C$6&D21 -> IL&FS Infrastructure Debt Fund Series 2CBhilangana Hydro Power Limited | C21: =+C20+1 -> 6 | D21: Bhilangana Hydro Power Limited | E21: CARE A | F21: INE453I07161 | G21: 88 | H21: 880 | I21: =+H21/$H$40 -> 0.046803689
A22: =+$C$6&D22 -> IL&FS Infrastructure Debt Fund Series 2CBabcock Borsing Limited | C22: =+C21+1 -> 7 | D22: Babcock Borsing Limited | E22: Unrated | F22: INE434K07027 | G22: 80 | H22: 857.21864 | I22: =+H22/$H$40 -> 0.04559204
A23: =+$C$6&D23 -> IL&FS Infrastructure Debt Fund Series 2CWilliamson Magor & Co. Limited | C23: =+C22+1 -> 8 | D23: Williamson Magor & Co. Limited | E23: Unrated | F23: INE210A07014 | G23: 10 | H23: 101.14657 | I23: =+H23/$H$40 -> 0.0053795825
C24: =+C23+1 -> 9 | D24: Bhilangana Hydro Power Limited | E24: CARE A | F24: INE453I07146 | G24: 8 | H24: 80 | I24: =+H24/$H$40 -> 0.0042548808
A25: =+$C$6&D25 -> IL&FS Infrastructure Debt Fund Series 2CClean Max Enviro Energy Solutions Private Limited | C25: =+C24+1 -> 10 | D25: Clean Max Enviro Energy Solutions Private Limited | E25: ICRA BBB+ | F25: INE647U07015 | G25: 10 | H25: 75 | I25: =+H25/$H$40 -> 0.0039889508
C26: =+C25+1 -> 11 | D26: Time Technoplast Limited | E26: Unrated | F26: INE508G07018 | G26: 2442 | H26: 24.42 | I26: =+H26/$H$40 -> 0.0012988024
D27: Total | H27: 18181.569 | I27: =SUM(I14:I26) -> 0.96700512
D29: Money Market Instruments | K29: Sector / Rating | L29: Percent
B30: =+$C$6&D30 -> IL&FS Infrastructure Debt Fund Series 2CTriparty Repo | D30: Triparty Repo | H30: 490.85864 | I30: =+H30/$H$40 -> 0.026106813 | K30: CRISIL A1+ | L30: 0.4026
D31: Total | H31: 490.85864 | I31: =SUM(I30) -> 0.026106813
B33: =+$C$6&D33 -> IL&FS Infrastructure Debt Fund Series 2CTriparty Repo Margin | D33: Triparty Repo Margin | H33: 29.9 | I33: =+H33/$H$40 -> 0.0015902617
D34: Total | H34: 29.9 | I34: =SUM(I33) -> 0.0015902617
D36: Others
B37: =+$C$6&D37 -> IL&FS Infrastructure Debt Fund Series 2CCash & Cash Equivalents | C37: 1 | D37: Cash & Cash Equivalents | H37: 122.09697 | I37: =+H37/$H$40 -> 0.0064938508
C38: 2 | D38: Net Receivable/Payable | H38: -22.487952 | I38: =+H38/$H$40 -> -0.0011960444
D39: Total | H39: 99.60902 | I39: =SUM(I37:I38) -> 0.0052978063
D40: Grand Total | H40: 18801.937 | I40: =+I27+I31+I34+I39 -> 1
D42: Undrawn Amount for Scheme 2C | I42: 543750000
D43: Mutual Fund investments are subject to market risks, read all scheme related documents carefully
G45: 1.7076992e+09 | H45: 17076.992
H46: 1724.9444

Sheet 3A
C5: The IL&FS Financial Centre, 1st Floor, Plot C-22, G-Block, Bandra Kurla Complex, Bandra East, Mumbai-400051 (www.ilfsinfrafund.com)
C7: IL&FS Infrastructure Debt Fund Series 3A
C8: =+'2C'!C7:I7 -> Monthly Portfolio statement as on August 31, 2019
C11: Sr. No. | D11: Name of Instrument | E11: Rating | F11: ISIN | G11: Quantity | H11: Market value | I11: % to Net Assets
H12: (` In lakhs)
D14: Debt Instrument-Listed
A15: =+$C$7&D15 -> IL&FS Infrastructure Debt Fund Series 3AIL&FS Solar Power Limited | C15: 1 | D15: IL&FS Solar Power Limited | E15: ICRA BB+ (SO) | F15: INE656Y08016 | G15: 230 | H15: 2785.6782 | I15: =+H15/$H$46 -> 0.171345
A16: =+$C$7&D16 -> IL&FS Infrastructure Debt Fund Series 3ABhilwara Green Energy Limited | C16: =+C15+1 -> 2 | D16: Bhilwara Green Energy Limited | E16: ICRA BBB | F16: INE030N07027 | G16: 150000 | H16: 1322.3684 | I16: =+H16/$H$46 -> 0.081337897
A17: =+$C$7&D17 -> IL&FS Infrastructure Debt Fund Series 3AIL&FS Wind Energy Limited | C17: =+C16+1 -> 3 | D17: IL&FS Wind Energy Limited | E17: ICRA D | F17: INE810V08015 | G17: 77 | H17: 974.86499 | I17: =+H17/$H$46 -> 0.059963222
A18: =+$C$7&D18 -> IL&FS Infrastructure Debt Fund Series 3A
A19: =+$C$7&D19 -> IL&FS Infrastructure Debt Fund Series 3ADebt Instrument-Privately Placed-Unlisted | D19: Debt Instrument-Privately Placed-Unlisted
A20: =+$C$7&D20 -> IL&FS Infrastructure Debt Fund Series 3ABabcock Borsing Limited | C20: 4 | D20: Babcock Borsing Limited | E20: Unrated | F20: INE434K07019 | G20: 146 | H20: 1566.7253 | I20: =+H20/$H$46 -> 0.096368107
A21: =+$C$7&D21 -> IL&FS Infrastructure Debt Fund Series 3AAMRI Hospital Limited | C21: =+C20+1 -> 5 | D21: AMRI Hospital Limited | E21: CARE A- (SO) | F21: INE437M07067 | G21: 180 | H21: 1479.8571 | I21: =+H21/$H$46 -> 0.091024914
A22: =+$C$7&D22 -> IL&FS Infrastructure Debt Fund Series 3AClean Max Enviro Energy Solutions Private Limited | C22: =+C21+1 -> 6 | D22: Clean Max Enviro Energy Solutions Private Limited | E22: ICRA BBB+ | F22: INE647U07015 | G22: 165 | H22: 1237.5 | I22: =+H22/$H$46 -> 0.076117706
A23: =+$C$7&D23 -> IL&FS Infrastructure Debt Fund Series 3AAMRI Hospital Limited | C23: =+C22+1 -> 7 | D23: AMRI Hospital Limited | E23: CARE A- (SO) | F23: INE437M07042 | G23: 100 | H23: 999.79453 | I23: =+H23/$H$46 -> 0.061496619
A24: =+$C$7&D24 -> IL&FS Infrastructure Debt Fund Series 3ABhilangana Hydro Power Limited | C24: =+C23+1 -> 8 | D24: Bhilangana Hydro Power Limited | E24: CARE A | F24: INE453I07138 | G24: 98 | H24: 980 | I24: =+H24/$H$46 -> 0.060279072
A25: =+$C$7&D25 -> IL&FS Infrastructure Debt Fund Series 3ABhilangana Hydro Power Limited | C25: =+C24+1 -> 9 | D25: Bhilangana Hydro Power Limited | E25: CARE A | F25: INE453I07153 | G25: 43 | H25: 430 | I25: =+H25/$H$46 -> 0.026448981
A26: =+$C$7&D26 -> IL&FS Infrastructure Debt Fund Series 3ABhilangana Hydro Power Limited | C26: =+C25+1 -> 10 | D26: Bhilangana Hydro Power Limited | E26: CARE A | F26: INE453I07120 | G26: 125 | H26: 250 | I26: =+H26/$H$46 -> 0.015377314
C27: =+C26+1 -> 11 | D27: Kaynes Technology India Private Limited | E27: CRISIL BB+ | F27: INE918Z07019 | G27: 100 | H27: 93.125 | I27: =+H27/$H$46 -> 0.0057280496
C28: =+C27+1 -> 12 | D28: Bhilangana Hydro Power Limited | E28: CARE A | F28: INE453I07146 | G28: 8 | H28: 80 | I28: =+H28/$H$46 -> 0.0049207406
C29: =+C28+1 -> 13 | D29: Janaadhar (India) Private Limited | E29: [ICRA]BBB - | F29: INE882W07022 | G29: 5 | H29: 45 | I29: =+H29/$H$46 -> 0.0027679166
C30: =+C29+1 -> 14 | D30: Bhilangana Hydro Power Limited | E30: CARE A | F30: INE453I07161 | G30: 4 | H30: 40 | I30: =+H30/$H$46 -> 0.0024603703
D31: Total | H31: 12284.913 | I31: =SUM(I15:I30) -> 0.75563591
D33: Money Market Instruments
B34: =+$C$7&D34 -> IL&FS Infrastructure Debt Fund Series 3ATriparty Repo | D34: Triparty Repo | H34: 3907.8358 | I34: =+H34/$H$46 -> 0.24036808
D36: Total | H36: 3907.8358 | I36: =SUM(I34:I35) -> 0.24036808
B38: =+$C$7&D38 -> IL&FS Infrastructure Debt Fund Series 3ATriparty Repo Margin | D38: Triparty Repo Margin | H38: 2.5 | I38: =+H38/$H$46 -> 0.00015377314
D40: Total | H40: 2.5 | I40: =SUM(I38:I39) -> 0.00015377314
D42: Others
C43: 1 | D43: Net Receivable/(Payable) | H43: -19.146061 | I43: =+H43/$H$46 -> -0.00117766
B44: =+$C$7&D44 -> IL&FS Infrastructure Debt Fund Series 3ACash & Cash Equivalents | C44: 2 | D44: Cash & Cash Equivalents | H44: 81.612123 | I44: =+H44/$H$46 -> 0.0050199011
D45: Total | H45: 62.466062 | I45: =SUM(I43:I44) -> 0.0038422411
D46: Grand Total | H46: 16257.715 | I46: =+I31+I36+I40+I45 -> 1
D48: Mutual Fund investments are subject to market risks, read all scheme related documents carefully
G50: 1.4945198e+09 | H50: 14945.198
H51: 1312.5171

Sheet 3B
C5: The IL&FS Financial Centre, 1st Floor, Plot C-22, G-Block, Bandra Kurla Complex, Bandra East, Mumbai-400051 (www.ilfsinfrafund.com)
C7: IL&FS Infrastructure Debt Fund Series 3B
C8: =+'3A'!C8:I8 -> Monthly Portfolio statement as on August 31, 2019
C11: Sr. No. | D11: Name of Instrument | E11: Rating | F11: ISIN | G11: Quantity | H11: Market value | I11: % to Net Assets
H12: (` In lakhs)
D14: Debt Instrument-Listed
A15: =+$C$7&D15 -> IL&FS Infrastructure Debt Fund Series 3BBhilwara Green Energy Limited | C15: 1 | D15: Bhilwara Green Energy Limited | E15: ICRA BBB | F15: INE030N07035 | G15: 340000 | H15: 3400 | I15: =+H15/$H$43 -> 0.19700324
A16: =+$C$7&D16 -> IL&FS Infrastructure Debt Fund Series 3BIL&FS Solar Power Limited | C16: =+C15+1 -> 2 | D16: IL&FS Solar Power Limited | E16: ICRA BB+ (SO) | F16: INE656Y08016 | G16: 215 | H16: 2604.0035 | I16: =+H16/$H$43 -> 0.15088151
A17: =+$C$7&D17 -> IL&FS Infrastructure Debt Fund Series 3BIL&FS Wind Energy Limited | C17: =+C16+1 -> 3 | D17: IL&FS Wind Energy Limited | E17: ICRA D | F17: INE810V08015 | G17: 125 | H17: 1582.573 | I17: =+H17/$H$43 -> 0.091697654
A18: =+$C$7&D18 -> IL&FS Infrastructure Debt Fund Series 3BBhilwara Green Energy Limited | C18: =+C17+1 -> 4 | D18: Bhilwara Green Energy Limited | E18: ICRA BBB | F18: INE030N07027 | G18: 70000 | H18: 617.10523 | I18: =+H18/$H$43 -> 0.035756392
A20: =+$C$7&D20 -> IL&FS Infrastructure Debt Fund Series 3BDebt Instrument-Privately Placed-Unlisted | D20: Debt Instrument-Privately Placed-Unlisted
A21: =+$C$7&D21 -> IL&FS Infrastructure Debt Fund Series 3BAMRI Hospital Limited | C21: =+C18+1 -> 5 | D21: AMRI Hospital Limited | E21: CARE A- (SO) | F21: INE437M07075 | G21: 410 | H21: 4099.1575 | I21: =+H21/$H$43 -> 0.23751392
A22: =+$C$7&D22 -> IL&FS Infrastructure Debt Fund Series 3BKanchanjunga Power Company Private Limited | C22: =+C21+1 -> 6 | D22: Kanchanjunga Power Company Private Limited | E22: CARE BBB+ | F22: INE117N07030 | G22: 160 | H22: 1600 | I22: =+H22/$H$43 -> 0.092707409
A23: =+$C$7&D23 -> IL&FS Infrastructure Debt Fund Series 3BKanchanjunga Power Company Private Limited | C23: =+C22+1 -> 7 | D23: Kanchanjunga Power Company Private Limited | E23: CARE BBB+ | F23: INE117N07022 | G23: 100 | H23: 1000 | I23: =+H23/$H$43 -> 0.057942131
A24: =+$C$7&D24 -> IL&FS Infrastructure Debt Fund Series 3BBhilangana Hydro Power Limited | C24: =+C23+1 -> 8 | D24: Bhilangana Hydro Power Limited | E24: CARE A | F24: INE453I07153 | G24: 43 | H24: 430 | I24: =+H24/$H$43 -> 0.024915116
A25: =+$C$7&D25 -> IL&FS Infrastructure Debt Fund Series 3BBhilangana Hydro Power Limited | C25: =+C24+1 -> 9 | D25: Bhilangana Hydro Power Limited | E25: CARE A | F25: INE453I07146 | G25: 24 | H25: 240 | I25: =+H25/$H$43 -> 0.013906111
C26: =+C25+1 -> 10 | D26: Clean Max Enviro Energy Solutions Private Limited | E26: ICRA BBB+ | F26: INE647U07015 | G26: 24 | H26: 180 | I26: =+H26/$H$43 -> 0.010429584
C27: =+C26+1 -> 11 | D27: Kaynes Technology India Private Limited | E27: CRISIL BB+ | F27: INE918Z07019 | G27: 100 | H27: 93.125 | I27: =+H27/$H$43 -> 0.0053958609
D28: Total | H28: 15845.964 | I28: =SUM(I15:I27) -> 0.91814893
D30: Money Market Instruments
B31: =+$C$7&D31 -> IL&FS Infrastructure Debt Fund Series 3BTriparty Repo | D31: Triparty Repo | H31: 1311.2938 | I31: =+H31/$H$43 -> 0.075979157
D33: Total | H33: 1311.2938 | I33: =SUM(I31:I32) -> 0.075979157
B35: =+$C$7&D35 -> IL&FS Infrastructure Debt Fund Series 3BTriparty Repo Margin | D35: Triparty Repo Margin | H35: 2.5 | I35: =+H35/$H$43 -> 0.00014485533
D37: Total | H37: 2.5 | I37: =SUM(I35:I36) -> 0.00014485533
D39: Others
C40: 1 | D40: Net Receivable/(Payable) | H40: -19.934178 | I40: =+H40/$H$43 -> -0.0011550288
B41: =+$C$7&D41 -> IL&FS Infrastructure Debt Fund Series 3BCash & Cash Equivalents | C41: 2 | D41: Cash & Cash Equivalents | H41: 118.7751 | I41: =+H41/$H$43 -> 0.0068820821
D42: Total | H42: 98.840917 | I42: =SUM(I40:I41) -> 0.0057270534
D43: Grand Total | H43: 17258.599 | I43: =+I28+I33+I37+I42 -> 1
D45: Mutual Fund investments are subject to market risks, read all scheme related documents carefully
G47: 1.5925076e+09 | H47: 15925.076
H48: 1333.523

Sheet Rating
A2: Instrument Name | B2: Rating | C2: Listed / Unlisted
A3: Ad Hydro Power Ltd | B3: IND A(SO) | C3: Unlisted
A4: Amri Hospital Limited | B4: CARE A- (SO) | C4: Unlisted
A5: Babcock Borsing Limited | B5: Unrated | C5: Unlisted
A6: Bhilangana Hydro Power Limited | B6: CARE A | C6: Unlisted
A7: Bhilwara Green Energy Limited | B7: ICRA BBB | C7: Listed
A8: Clean Max Enviro Energy Solutions Private Limited | B8: ICRA BBB+ | C8: Unlisted
A9: IL&FS Solar Power Limited | B9: ICRA BB+ (SO) | C9: Listed
A10: IL&FS Wind Energy Limited | B10: ICRA D | C10: Listed
A11: Janaadhar (India) Private Limited | B11: [ICRA]BBB - | C11: Unlisted
A12: Kaynes Technology India Private Limited | B12: CRISIL BB+ | C12: Unlisted
A13: Tanglin Developments Limited | B13: BWR A+ (SO) | C13: Unlisted
... A21: DB Power (Madhya Pradesh) Limited | B21: Unrated | C21: Unlisted

Sheet PPA
F1: IL&FS Mutual Fund (IDF)
F2: 3rd Floor, The IL&FS Financial Bandra Kurla Complex Bandra (East) Mumbai
A3: IL&FS Infrastructure Debt Fund Series 1A | B3: =+A3&""&C3 -> IL&FS Infrastructure Debt Fund Series 1A0 | C3: =+IF(E3="CBLO",$R$3,IF(E3="Marg",$R$4,IF(D3="cash",$R$5,0))) -> 0 | D3: =+F3 -> PORTFOLIO APPRAISAL | E3: =+MID(F3,6,4) -> OLIO | F3: PORTFOLIO APPRAISAL | Q3: CBLO | R3: Triparty Repo | T3: Collateralised Borrowing & Lending Obligation (CBLO)
A4: IL&FS Infrastructure Debt Fund Series 1A | B4: =+A4&""&C4 -> IL&FS Infrastructure Debt Fund Series 1A0 | C4: =+IF(E4="CBLO",$R$3,IF(E4="Marg",$R$4,IF(D4="cash",$R$5,0))) -> 0 | D4: =+F4 -> By Security Type | E4: =+MID(F4,6,4) -> curi | F4: By Security Type | R4: Triparty Repo Margin
A5: IL&FS Infrastructure Debt Fund Series 1A | B5: =+A5&""&C5 -> IL&FS Infrastructure Debt Fund Series 1A0 | C5: =+IF(E5="CBLO",$R$3,IF(E5="Marg",$R$4,IF(D5="cash",$R$5,0))) -> 0 | D5: =+F5 -> As Of 31/07/2019 | E5: =+MID(F5,6,4) -> 31/ | F5: As Of 31/07/2019 | R5: Cash & Cash Equivalents
A6: IL&FS Infrastructure Debt Fund Series 1A | B6: =+A6&""&C6 -> IL&FS Infrastructure Debt Fund Series 1A0 | C6: =+IF(E6="CBLO",$R$3,IF(E6="Marg",$R$4,IF(D6="cash",$R$5,0))) -> 0 | D6: =+F6 -> 0 | E6: =+MID(F6,6,4)
A7: IL&FS Infrastructure Debt Fund Series 1A | B7: =+A7&""&C7 -> IL&FS Infrastructure Debt Fund Series 1A0 | C7: =+IF(E7="CBLO",$R$3,IF(E7="Marg",$R$4,IF(D7="cash",$R$5,0))) -> 0 | D7: =+F7 -> Account : 100001 IDF SERIES 1A | E7: =+MID(F7,6,4) -> nt : | F7: Account : 100001 IDF SERIES 1A | R7: CASH
A8: IL&FS Infrastructure Debt Fund Series 1A | B8: =+A8&""&C8 -> IL&FS Infrastructure Debt Fund Series 1A0 | C8: =+IF(E8="CBLO",$R$3,IF(E8="Marg",$R$4,IF(D8="cash",$R$5,0))) -> 0 | D8: =+F8 -> IDF Scheme 1 | E8: =+MID(F8,6,4) -> chem | F8: IDF Scheme 1 | R8: CASH Rec/Payable
A9: IL&FS Infrastructure Debt Fund Series 1A | B9: =+A9&""&C9 -> IL&FS Infrastructure Debt Fund Series 1A0 | C9: =+IF(E9="CBLO",$R$3,IF(E9="Marg",$R$4,IF(D9="cash",$R$5,0))) -> 0 | D9: =+F9 -> Security | E9: =+MID(F9,6,4) -> ity | F9: Security | G9: Quantity | H9: Unit Cost | I9: Cost | J9: Price | K9: Market Value | L9: Gain / Loss (+/-) | M9: % G/L | N9: % Assets
A10: IL&FS Infrastructure Debt Fund Series 1A | B10: =+A10&""&C10 -> IL&FS Infrastructure Debt Fund Series 1A0 | C10: =+IF(E10="CBLO",$R$3,IF(E10="Marg",$R$4,IF(D10="cash",$R$5,0))) -> 0 | D10: =+F10 -> 0 | E10: =+MID(F10,6,4) | K10: Accrued Income
A11: IL&FS Infrastructure Debt Fund Series 1A | B11: =+A11&""&C11 -> IL&FS Infrastructure Debt Fund Series 1A0 | C11: =+IF(E11="CBLO",$R$3,IF(E11="Marg",$R$4,IF(D11="cash",$R$5,0))) -> 0 | D11: =+F11 -> Cash / Bank | E11: =+MID(F11,6,4) -> / Ba | F11: Cash / Bank
A12: IL&FS Infrastructure Debt Fund Series 1A | B12: =+A12&""&C12 -> IL&FS Infrastructure Debt Fund Series 1ACash & Cash Equivalents | C12: =+IF(E12="CBLO",$R$3,IF(E12="Marg",$R$4,IF(D12="cash",$R$5,0))) -> Cash & Cash Equivalents | D12: =+F12 -> CASH | E12: =+MID(F12,6,4) | F12: CASH | G12: 803496.1 | H12: 1 | I12: 803496.1 | J12: 1 | K12: 803496.1 | L12: 0 | M12: 0 | N12: 2166645.4
A13: IL&FS Infrastructure Debt Fund Series 1A | B13: =+A13&""&C13 -> IL&FS Infrastructure Debt Fund Series 1A0 | C13: =+IF(E13="CBLO",$R$3,IF(E13="Marg",$R$4,IF(D13="cash",$R$5,0))) -> 0 | D13: =+F13 -> CASH Rec/Payable | E13: =+MID(F13,6,4) -> Rec/ | F13: CASH Rec/Payable | G13: -803495.75 | H13: 1 | I13: -803495.75 | J13: 1 | K13: -803495.75 | L13: 0 | M13: 0 | N13: -2166644.4
A14: IL&FS Infrastructure Debt Fund Series 1A | B14: =+A14&""&C14 -> IL&FS Infrastructure Debt Fund Series 1A0 | C14: =+IF(E14="CBLO",$R$3,IF(E14="Marg",$R$4,IF(D14="cash",$R$5,0))) -> 0 | D14: =+F14 -> 0 | E14: =+MID(F14,6,4) | I14: 0.356 | K14: 0.36 | L14: 0 | M14: 0 | N14: 0.9592
A15: IL&FS Infrastructure Debt Fund Series 1A | B15: =+A15&""&C15 -> IL&FS Infrastructure Debt Fund Series 1A0 | C15: =+IF(E15="CBLO",$R$3,IF(E15="Marg",$R$4,IF(D15="cash",$R$5,0))) -> 0 | D15: =+F15 -> Other Assets | E15: =+MID(F15,6,4) -> Ass | F15: Other Assets
A16: IL&FS Infrastructure Debt Fund Series 1A | B16: =+A16&""&C16 -> IL&FS Infrastructure Debt Fund Series 1A0 | C16: =+IF(E16="CBLO",$R$3,IF(E16="Marg",$R$4,IF(D16="cash",$R$5,0))) -> 0 | D16: =+F16 -> Other Liabilities and Assets | E16: =+MID(F16,6,4) -> Lia | F16: Other Liabilities and Assets | G16: 0.001 | H16: 1 | I16: 0.001 | J16: 1 | K16: 0 | L16: 0 | M16: 0 | N16: 0.0028
A17: IL&FS Infrastructure Debt Fund Series 1A | B17: =+A17&""&C17 -> IL&FS Infrastructure Debt Fund Series 1A0 | C17: =+IF(E17="CBLO",$R$3,IF(E17="Marg",$R$4,IF(D17="cash",$R$5,0))) -> 0 | D17: =+F17 -> 0 | E17: =+MID(F17,6,4) | I17: 0.001 | K17: 0 | L17: 0 | M17: 0 | N17: 0.0028
A18: IL&FS Infrastructure Debt Fund Series 1A | B18: =+A18&""&C18 -> IL&FS Infrastructure Debt Fund Series 1A0 | C18: =+IF(E18="CBLO",$R$3,IF(E18="Marg",$R$4,IF(D18="cash",$R$5,0))) -> 0 | D18: =+F18 -> 0 | E18: =+MID(F18,6,4) | I18: 0.357 | K18: 0.37 | L18: 0 | M18: 0 | N18: 0.962
A19: IL&FS Infrastructure Debt Fund Series 1A | B19: =+A19&""&C19 -> IL&FS Infrastructure Debt Fund Series 1A0 | C19: =+IF(E19="CBLO",$R$3,IF(E19="Marg",$R$4,IF(D19="cash",$R$5,0))) -> 0 | D19: =+F19 -> 0 | E19: =+MID(F19,6,4)
A20: IL&FS Infrastructure Debt Fund Series 1A | B20: =+A20&""&C20 -> IL&FS Infrastructure Debt Fund Series 1A0 | C20: =+IF(E20="CBLO",$R$3,IF(E20="Marg",$R$4,IF(D20="cash",$R$5,0))) -> 0 | D20: =+F20 -> 0 | E20: =+MID(F20,6,4)
A21: IL&FS Infrastructure Debt Fund Series 1A | B21: =+A21&""&C21 -> IL&FS Infrastructure Debt Fund Series 1A0 | C21: =+IF(E21="CBLO",$R$3,IF(E21="Marg",$R$4,IF(D21="cash",$R$5,0))) -> 0 | D21: =+F21 -> 0 | E21: =+MID(F21,6,4)
A22: IL&FS Infrastructure Debt Fund Series 1A | B22: =+A22&""&C22 -> IL&FS Infrastructure Debt Fund Series 1A0 | C22: =+IF(E22="CBLO",$R$3,IF(E22="Marg",$R$4,IF(D22="cash",$R$5,0))) -> 0 | D22: =+F22 -> 0 | E22: =+MID(F22,6,4)
A23: IL&FS Infrastructure Debt Fund Series 1A | B23: =+A23&""&C23 -> IL&FS Infrastructure Debt Fund Series 1A0 | C23: =+IF(E23="CBLO",$R$3,IF(E23="Marg",$R$4,IF(D23="cash",$R$5,0))) -> 0 | D23: =+F23 -> 0 | E23: =+MID(F23,6,4)
A24: IL&FS Infrastructure Debt Fund Series 1A | B24: =+A24&""&C24 -> IL&FS Infrastructure Debt Fund Series 1A0 | C24: =+IF(E24="CBLO",$R$3,IF(E24="Marg",$R$4,IF(D24="cash",$R$5,0))) -> 0 | D24: =+F24 -> 0 | E24: =+MID(F24,6,4)
A25: IL&FS Infrastructure Debt Fund Series 1A | B25: =+A25&""&C25 -> IL&FS Infrastructure Debt Fund Series 1A0 | C25: =+IF(E25="CBLO",$R$3,IF(E25="Marg",$R$4,IF(D25="cash",$R$5,0))) -> 0 | D25: =+F25 -> 0 | E25: =+MID(F25,6,4)
A26: IL&FS Infrastructure Debt Fund Series 1A | B26: =+A26&""&C26 -> IL&FS Infrastructure Debt Fund Series 1A0 | C26: =+IF(E26="CBLO",$R$3,IF(E26="Marg",$R$4,IF(D26="cash",$R$5,0))) -> 0 | D26: =+F26 -> 0 | E26: =+MID(F26,6,4)
A27: IL&FS Infrastructure Debt Fund Series 1A | B27: =+A27&""&C27 -> IL&FS Infrastructure Debt Fund Series 1A0 | C27: =+IF(E27="CBLO",$R$3,IF(E27="Marg",$R$4,IF(D27="cash",$R$5,0))) -> 0 | D27: =+F27 -> 0 | E27: =+MID(F27,6,4)
A28: IL&FS Infrastructure Debt Fund Series 1A | B28: =+A28&""&C28 -> IL&FS Infrastructure Debt Fund Series 1A0 | C28: =+IF(E28="CBLO",$R$3,IF(E28="Marg",$R$4,IF(D28="cash",$R$5,0))) -> 0 | D28: =+F28 -> 0 | E28: =+MID(F28,6,4)
A29: IL&FS Infrastructure Debt Fund Series 1A | B29: =+A29&""&C29 -> IL&FS Infrastructure Debt Fund Series 1A0 | C29: =+IF(E29="CBLO",$R$3,IF(E29="Marg",$R$4,IF(D29="cash",$R$5,0))) -> 0 | D29: =+F29 -> 0 | E29: =+MID(F29,6,4)
A30: IL&FS Infrastructure Debt Fund Series 1A | B30: =+A30&""&C30 -> IL&FS Infrastructure Debt Fund Series 1A0 | C30: =+IF(E30="CBLO",$R$3,IF(E30="Marg",$R$4,IF(D30="cash",$R$5,0))) -> 0 | D30: =+F30 -> 0 | E30: =+MID(F30,6,4)
... A33: IL&FS Infrastructure Debt Fund Series 1A | B33: =+A33&""&C33 -> IL&FS Infrastructure Debt Fund Series 1A0 | C33: =+IF(E33="CBLO",$R$3,IF(E33="Marg",$R$4,IF(D33="cash",$R$5,0))) -> 0 | D33: =+F33 -> 0 | E33: =+MID(F33,6,4)
A34: IL&FS Infrastructure Debt Fund Series 1A | B34: =+A34&""&C34 -> IL&FS Infrastructure Debt Fund Series 1A0 | C34: =+IF(E34="CBLO",$R$3,IF(E34="Marg",$R$4,IF(D34="cash",$R$5,0))) -> 0 | D34: =+F34 -> 0 | E34: =+MID(F34,6,4) | P34: IL&FS Infrastructure Debt Fund Series 1ACBLO Margin
A35: IL&FS Infrastructure Debt Fund Series 1A | B35: =+A35&""&C35 -> IL&FS Infrastructure Debt Fund Series 1A0 | C35: =+IF(E35="CBLO",$R$3,IF(E35="Marg",$R$4,IF(D35="cash",$R$5,0))) -> 0 | D35: =+F35 -> 0 | E35: =+MID(F35,6,4) | P35: Monthly Portfolio statement as on December 31, 2018CBLO Margin
A36: IL&FS Infrastructure Debt Fund Series 1A | B36: =+A36&""&C36 -> IL&FS Infrastructure Debt Fund Series 1A0 | C36: =+IF(E36="CBLO",$R$3,IF(E36="Marg",$R$4,IF(D36="cash",$R$5,0))) -> 0 | D36: =+F36 -> 0 | E36: =+MID(F36,6,4)
A37: IL&FS Infrastructure Debt Fund Series 1A | B37: =+A37&""&C37 -> IL&FS Infrastructure Debt Fund Series 1A0 | C37: =+IF(E37="CBLO",$R$3,IF(E37="Marg",$R$4,IF(D37="cash",$R$5,0))) -> 0 | D37: =+F37 -> 0 | E37: =+MID(F37,6,4)
A38: IL&FS Infrastructure Debt Fund Series 1A | B38: =+A38&""&C38 -> IL&FS Infrastructure Debt Fund Series 1A0 | C38: =+IF(E38="CBLO",$R$3,IF(E38="Marg",$R$4,IF(D38="cash",$R$5,0))) -> 0 | D38: =+F38 -> 0 | E38: =+MID(F38,6,4)
A39: IL&FS Infrastructure Debt Fund Series 1A | B39: =+A39&""&C39 -> IL&FS Infrastructure Debt Fund Series 1A0 | C39: =+IF(E39="CBLO",$R$3,IF(E39="Marg",$R$4,IF(D39="cash",$R$5,0))) -> 0 | D39: =+F39 -> 0 | E39: =+MID(F39,6,4)
A40: IL&FS Infrastructure Debt Fund Series 1A | B40: =+A40&""&C40 -> IL&FS Infrastructure Debt Fund Series 1A0 | C40: =+IF(E40="CBLO",$R$3,IF(E40="Marg",$R$4,IF(D40="cash",$R$5,0))) -> 0 | D40: =+F40 -> 0 | E40: =+MID(F40,6,4)
A41: IL&FS Infrastructure Debt Fund Series 1A | B41: =+A41&""&C41 -> IL&FS Infrastructure Debt Fund Series 1A0 | C41: =+IF(E41="CBLO",$R$3,IF(E41="Marg",$R$4,IF(D41="cash",$R$5,0))) -> 0 | D41: =+F41 -> 0 | E41: =+MID(F41,6,4)
A42: IL&FS Infrastructure Debt Fund Series 1B | B42: =+A42&""&C42 -> IL&FS Infrastructure Debt Fund Series 1B0 | C42: =+IF(E42="CBLO",$R$3,IF(E42="Marg",$R$4,IF(D42="cash",$R$5,0))) -> 0 | D42: =+F42 -> Security | E42: =+MID(F42,6,4) -> ity | F42: Security | G42: Quantity | H42: Unit Cost | I42: Cost | J42: Price | K42: Market Value | L42: Gain / Loss (+/-) | M42: % G/L | N42: % Assets
A43: IL&FS Infrastructure Debt Fund Series 1B | B43: =+A43&""&C43 -> IL&FS Infrastructure Debt Fund Series 1B0 | C43: =+IF(E43="CBLO",$R$3,IF(E43="Marg",$R$4,IF(D43="cash",$R$5,0))) -> 0 | D43: =+F43 -> 0 | E43: =+MID(F43,6,4) | K43: Accrued Income
A44: IL&FS Infrastructure Debt Fund Series 1B | B44: =+A44&""&C44 -> IL&FS Infrastructure Debt Fund Series 1B0 | C44: =+IF(E44="CBLO",$R$3,IF(E44="Marg",$R$4,IF(D44="cash",$R$5,0))) -> 0 | D44: =+F44 -> Bonds / Debentures | E44: =+MID(F44,6,4) -> / D | F44: Bonds / Debentures
A45: IL&FS Infrastructure Debt Fund Series 1B | B45: =+A45&""&C45 -> IL&FS Infrastructure Debt Fund Series 1B0 | C45: =+IF(E45="CBLO",$R$3,IF(E45="Marg",$R$4,IF(D45="cash",$R$5,0))) -> 0 | D45: =+F45 -> IL&FS Solar Power Limited_1B_27_12_20 | E45: =+MID(F45,6,4) -> Sol | F45: IL&FS Solar Power Limited_1B_27_12_20 | G45: 547 | H45: 1000000 | I45: 547000000 | J45: 1000000 | K45: 547000000 | L45: 0 | M45: 0 | N45: 0.159
A46: IL&FS Infrastructure Debt Fund Series 1B | B46: =+A46&""&C46 -> IL&FS Infrastructure Debt Fund Series 1B0 | C46: =+IF(E46="CBLO",$R$3,IF(E46="Marg",$R$4,IF(D46="cash",$R$5,0))) -> 0 | D46: =+F46 -> 0 | E46: =+MID(F46,6,4) | K46: 115506942
A47: IL&FS Infrastructure Debt Fund Series 1B | B47: =+A47&""&C47 -> IL&FS Infrastructure Debt Fund Series 1B0 | C47: =+IF(E47="CBLO",$R$3,IF(E47="Marg",$R$4,IF(D47="cash",$R$5,0))) -> 0 | D47: =+F47 -> Williamson Magor & Co. Limited | E47: =+MID(F47,6,4) -> amso | F47: Williamson Magor & Co. Limited | G47: 578 | H47: 1000000 | I47: 578000000 | J47: 1000000 | K47: 578000000 | L47: 0 | M47: 0 | N47: 0.1403
A48: IL&FS Infrastructure Debt Fund Series 1B | B48: =+A48&""&C48 -> IL&FS Infrastructure Debt Fund Series 1B0 | C48: =+IF(E48="CBLO",$R$3,IF(E48="Marg",$R$4,IF(D48="cash",$R$5,0))) -> 0 | D48: =+F48 -> 0 | E48: =+MID(F48,6,4) | K48: 6627206
A49: IL&FS Infrastructure Debt Fund Series 1B | B49: =+A49&""&C49 -> IL&FS Infrastructure Debt Fund Series 1B0 | C49: =+IF(E49="CBLO",$R$3,IF(E49="Marg",$R$4,IF(D49="cash",$R$5,0))) -> 0 | D49: =+F49 -> Bhilangana Hydro Power Limited_31032030 | E49: =+MID(F49,6,4) -> ngan | F49: Bhilangana Hydro Power Limited_31032030 | G49: 580 | H49: 1000000 | I49: 580000000 | J49: 1000000 | K49: 580000000 | L49: 0 | M49: 0 | N49: 0.1392
A50: IL&FS Infrastructure Debt Fund Series 1B | B50: =+A50&""&C50 -> IL&FS Infrastructure Debt Fund Series 1B0 | C50: =+IF(E50="CBLO",$R$3,IF(E50="Marg",$R$4,IF(D50="cash",$R$5,0))) -> 0 | D50: =+F50 -> 0 | E50: =+MID(F50,6,4) | K50: 0
A51: IL&FS Infrastructure Debt Fund Series 1B | B51: =+A51&""&C51 -> IL&FS Infrastructure Debt Fund Series 1B0 | C51: =+IF(E51="CBLO",$R$3,IF(E51="Marg",$R$4,IF(D51="cash",$R$5,0))) -> 0 | D51: =+F51 -> IWEL_1B_15042021 | E51: =+MID(F51,6,4) -> 1B_1 | F51: IWEL_1B_15042021 | G51: 200 | H51: 1000000 | I51: 200000000 | J51: 1000000 | K51: 200000000 | L51: 0 | M51: 0 | N51: 0.0608
A52: IL&FS Infrastructure Debt Fund Series 1B | B52: =+A52&""&C52 -> IL&FS Infrastructure Debt Fund Series 1B0 | C52: =+IF(E52="CBLO",$R$3,IF(E52="Marg",$R$4,IF(D52="cash",$R$5,0))) -> 0 | D52: =+F52 -> 0 | E52: =+MID(F52,6,4) | K52: 53211687
A53: IL&FS Infrastructure Debt Fund Series 1B | B53: =+A53&""&C53 -> IL&FS Infrastructure Debt Fund Series 1B0 | C53: =+IF(E53="CBLO",$R$3,IF(E53="Marg",$R$4,IF(D53="cash",$R$5,0))) -> 0 | D53: =+F53 -> ADPL_26_SEP_2021 | E53: =+MID(F53,6,4) -> 26_S | F53: ADPL_26_SEP_2021 | G53: 250100 | H53: 1000 | I53: 250100000 | J53: 1000 | K53: 250100000 | L53: 0 | M53: 0 | N53: 0.06
A54: IL&FS Infrastructure Debt Fund Series 1B | B54: =+A54&""&C54 -> IL&FS Infrastructure Debt Fund Series 1B0 | C54: =+IF(E54="CBLO",$R$3,IF(E54="Marg",$R$4,IF(D54="cash",$R$5,0))) -> 0 | D54: =+F54 -> 0 | E54: =+MID(F54,6,4) | K54: 0
A55: IL&FS Infrastructure Debt Fund Series 1B | B55: =+A55&""&C55 -> IL&FS Infrastructure Debt Fund Series 1B0 | C55: =+IF(E55="CBLO",$R$3,IF(E55="Marg",$R$4,IF(D55="cash",$R$5,0))) -> 0 | D55: =+F55 -> GHV HOSPITALITY INDIA PVT LTD_1B_150421 | E55: =+MID(F55,6,4) -> OSPI | F55: GHV HOSPITALITY INDIA PVT LTD_1B_150421 | G55: 200 | H55: 1000000 | I55: 200000000 | J55: 1000000 | K55: 200000000 | L55: 0 | M55: 0 | N55: 0.049
A56: IL&FS Infrastructure Debt Fund Series 1B | B56: =+A56&""&C56 -> IL&FS Infrastructure Debt Fund Series 1B0 | C56: =+IF(E56="CBLO",$R$3,IF(E56="Marg",$R$4,IF(D56="cash",$R$5,0))) -> 0 | D56: =+F56 -> 0 | E56: =+MID(F56,6,4) | K56: 4000045
A57: IL&FS Infrastructure Debt Fund Series 1B | B57: =+A57&""&C57 -> IL&FS Infrastructure Debt Fund Series 1B0 | C57: =+IF(E57="CBLO",$R$3,IF(E57="Marg",$R$4,IF(D57="cash",$R$5,0))) -> 0 | D57: =+F57 -> Abhitech Developers Private Limited | E57: =+MID(F57,6,4) -> ech | F57: Abhitech Developers Private Limited | G57: 175000 | H57: 1000 | I57: 175000000 | J57: 1000 | K57: 175000000 | L57: 0 | M57: 0 | N57: 0.042
A58: IL&FS Infrastructure Debt Fund Series 1B | B58: =+A58&""&C58 -> IL&FS Infrastructure Debt Fund Series 1B0 | C58: =+IF(E58="CBLO",$R$3,IF(E58="Marg",$R$4,IF(D58="cash",$R$5,0))) -> 0 | D58: =+F58 -> 0 | E58: =+MID(F58,6,4) | K58: 0
A59: IL&FS Infrastructure Debt Fund Series 1B | B59: =+A59&""&C59 -> IL&FS Infrastructure Debt Fund Series 1B0 | C59: =+IF(E59="CBLO",$R$3,IF(E59="Marg",$R$4,IF(D59="cash",$R$5,0))) -> 0 | D59: =+F59 -> Babcock Borsig Limited_31032021 | E59: =+MID(F59,6,4) -> ck B | F59: Babcock Borsig Limited_31032021 | G59: 150 | H59: 952118.49 | I59: 1.4281777e+08 | J59: 952118.49 | K59: 1.4281777e+08 | L59: 0 | M59: 0 | N59: 0.0386
A60: IL&FS Infrastructure Debt Fund Series 1B | B60: =+A60&""&C60 -> IL&FS Infrastructure Debt Fund Series 1B0 | C60: =+IF(E60="CBLO",$R$3,IF(E60="Marg",$R$4,IF(D60="cash",$R$5,0))) -> 0 | D60: =+F60 -> 0 | E60: =+MID(F60,6,4) | K60: 18147151
A61: IL&FS Infrastructure Debt Fund Series 1B | B61: =+A61&""&C61 -> IL&FS Infrastructure Debt Fund Series 1B0 | C61: =+IF(E61="CBLO",$R$3,IF(E61="Marg",$R$4,IF(D61="cash",$R$5,0))) -> 0 | D61: =+F61 -> GHV HOSPITALITY INDIA PVT LTD_1A_150421 | E61: =+MID(F61,6,4) -> OSPI | F61: GHV HOSPITALITY INDIA PVT LTD_1A_150421 | G61: 140 | H61: 1000000 | I61: 140000000 | J61: 1000000 | K61: 140000000 | L61: 0 | M61: 0 | N61: 0.0343
A62: IL&FS Infrastructure Debt Fund Series 1B | B62: =+A62&""&C62 -> IL&FS Infrastructure Debt Fund Series 1B0 | C62: =+IF(E62="CBLO",$R$3,IF(E62="Marg",$R$4,IF(D62="cash",$R$5,0))) -> 0 | D62: =+F62 -> 0 | E62: =+MID(F62,6,4) | K62: 2800031
A63: IL&FS Infrastructure Debt Fund Series 1B | B63: =+A63&""&C63 -> IL&FS Infrastructure Debt Fund Series 1B0 | C63: =+IF(E63="CBLO",$R$3,IF(E63="Marg",$R$4,IF(D63="cash",$R$5,0))) -> 0 | D63: =+F63 -> Clean Max Enviro Energy Solutions Private Limited | E63: =+MID(F63,6,4) -> Max | F63: Clean Max Enviro Energy Solutions Private Limited | G63: 113 | H63: 750000 | I63: 84750000 | J63: 750000 | K63: 84750000 | L63: 0 | M63: 0 | N63: 0.0203
A64: IL&FS Infrastructure Debt Fund Series 1B | B64: =+A64&""&C64 -> IL&FS Infrastructure Debt Fund Series 1B0 | C64: =+IF(E64="CBLO",$R$3,IF(E64="Marg",$R$4,IF(D64="cash",$R$5,0))) -> 0 | D64: =+F64 -> 0 | E64: =+MID(F64,6,4) | K64: 0
A65: IL&FS Infrastructure Debt Fund Series 1B | B65: =+A65&""&C65 -> IL&FS Infrastructure Debt Fund Series 1B0 | C65: =+IF(E65="CBLO",$R$3,IF(E65="Marg",$R$4,IF(D65="cash",$R$5,0))) -> 0 | D65: =+F65 -> Abhitech Developers Private Limited | E65: =+MID(F65,6,4) -> ech | F65: Abhitech Developers Private Limited | G65: 70000 | H65: 1000 | I65: 70000000 | J65: 1000 | K65: 70000000 | L65: 0 | M65: 0 | N65: 0.0168
A66: IL&FS Infrastructure Debt Fund Series 1B | B66: =+A66&""&C66 -> IL&FS Infrastructure Debt Fund Series 1B0 | C66: =+IF(E66="CBLO",$R$3,IF(E66="Marg",$R$4,IF(D66="cash",$R$5,0))) -> 0 | D66: =+F66 -> 0 | E66: =+MID(F66,6,4) | K66: 0
A67: IL&FS Infrastructure Debt Fund Series 1B | B67: =+A67&""&C67 -> IL&FS Infrastructure Debt Fund Series 1B0 | C67: =+IF(E67="CBLO",$R$3,IF(E67="Marg",$R$4,IF(D67="cash",$R$5,0))) -> 0 | D67: =+F67 -> Bhilwara Green Energy Limited | E67: =+MID(F67,6,4) -> ara | F67: Bhilwara Green Energy Limited | G67: 70727 | H67: 879.37 | I67: 62195513 | J67: 881.5789 | K67: 62351431 | L67: 155918 | M67: 0.0025 | N67: 0.015
A68: IL&FS Infrastructure Debt Fund Series 1B | B68: =+A68&""&C68 -> IL&FS Infrastructure Debt Fund Series 1B0 | C68: =+IF(E68="CBLO",$R$3,IF(E68="Marg",$R$4,IF(D68="cash",$R$5,0))) -> 0 | D68: =+F68 -> 0 | E68: =+MID(F68,6,4) | K68: 1
A69: IL&FS Infrastructure Debt Fund Series 1B | B69: =+A69&""&C69 -> IL&FS Infrastructure Debt Fund Series 1B0 | C69: =+IF(E69="CBLO",$R$3,IF(E69="Marg",$R$4,IF(D69="cash",$R$5,0))) -> 0 | D69: =+F69 -> Bhilwara Green Energy Limited | E69: =+MID(F69,6,4) -> ara | F69: Bhilwara Green Energy Limited | G69: 46416 | H69: 879.38 | I69: 40817103 | J69: 881.5789 | K69: 40919366 | L69: 102263 | M69: 0.0025 | N69: 0.0098
A70: IL&FS Infrastructure Debt Fund Series 1B | B70: =+A70&""&C70 -> IL&FS Infrastructure Debt Fund Series 1B0 | C70: =+IF(E70="CBLO",$R$3,IF(E70="Marg",$R$4,IF(D70="cash",$R$5,0))) -> 0 | D70: =+F70 -> 0 | E70: =+MID(F70,6,4) | K70: -2
A71: IL&FS Infrastructure Debt Fund Series 1B | B71: =+A71&""&C71 -> IL&FS Infrastructure Debt Fund Series 1B0 | C71: =+IF(E71="CBLO",$R$3,IF(E71="Marg",$R$4,IF(D71="cash",$R$5,0))) -> 0 | D71: =+F71 -> Bhilangana Hydro Power Limited_310324 | E71: =+MID(F71,6,4) -> ngan | F71: Bhilangana Hydro Power Limited_310324 | G71: 35 | H71: 1000000 | I71: 35000000 | J71: 1000000 | K71: 35000000 | L71: 0 | M71: 0 | N71: 0.0084
A72: IL&FS Infrastructure Debt Fund Series 1B | B72: =+A72&""&C72 -> IL&FS Infrastructure Debt Fund Series 1B0 | C72: =+IF(E72="CBLO",$R$3,IF(E72="Marg",$R$4,IF(D72="cash",$R$5,0))) -> 0 | D72: =+F72 -> 0 | E72: =+MID(F72,6,4) | K72: 0
A73: IL&FS Infrastructure Debt Fund Series 1B | B73: =+A73&""&C73 -> IL&FS Infrastructure Debt Fund Series 1B0 | C73: =+IF(E73="CBLO",$R$3,IF(E73="Marg",$R$4,IF(D73="cash",$R$5,0))) -> 0 | D73: =+F73 -> 10.50 Time Technoplast Limited 010423 | E73: =+MID(F73,6,4) -> Tim | F73: 10.50 Time Technoplast Limited 010423 | G73: 27816 | H73: 1000 | I73: 27816000 | J73: 1000 | K73: 27816000 | L73: 0 | M73: 0 | N73: 0.0067
A74: IL&FS Infrastructure Debt Fund Series 1B | B74: =+A74&""&C74 -> IL&FS Infrastructure Debt Fund Series 1B0 | C74: =+IF(E74="CBLO",$R$3,IF(E74="Marg",$R$4,IF(D74="cash",$R$5,0))) -> 0 | D74: =+F74 -> 0 | E74: =+MID(F74,6,4) | K74: 0
A75: IL&FS Infrastructure Debt Fund Series 1B | B75: =+A75&""&C75 -> IL&FS Infrastructure Debt Fund Series 1B0 | C75: =+IF(E75="CBLO",$R$3,IF(E75="Marg",$R$4,IF(D75="cash",$R$5,0))) -> 0 | D75: =+F75 -> Bhilangana Hydro Power Limited_310330 | E75: =+MID(F75,6,4) -> ngan | F75: Bhilangana Hydro Power Limited_310330 | G75: 25 | H75: 1000000 | I75: 25000000 | J75: 1000000 | K75: 25000000 | L75: 0 | M75: 0 | N75: 0.006
A76: IL&FS Infrastructure Debt Fund Series 1B | B76: =+A76&""&C76 -> IL&FS Infrastructure Debt Fund Series 1B0 | C76: =+IF(E76="CBLO",$R$3,IF(E76="Marg",$R$4,IF(D76="cash",$R$5,0))) -> 0 | D76: =+F76 -> 0 | E76: =+MID(F76,6,4) | K76: 0
A77: IL&FS Infrastructure Debt Fund Series 1B | B77: =+A77&""&C77 -> IL&FS Infrastructure Debt Fund Series 1B0 | C77: =+IF(E77="CBLO",$R$3,IF(E77="Marg",$R$4,IF(D77="cash",$R$5,0))) -> 0 | D77: =+F77 -> Babcock Borsig Limited_31032023 | E77: =+MID(F77,6,4) -> ck B | F77: Babcock Borsig Limited_31032023 | G77: 20 | H77: 952118.49 | I77: 19042370 | J77: 952118.49 | K77: 19042370 | L77: 0 | M77: 0 | N77: 0.0051
A78: IL&FS Infrastructure Debt Fund Series 1B | B78: =+A78&""&C78 -> IL&FS Infrastructure Debt Fund Series 1B0 | C78: =+IF(E78="CBLO",$R$3,IF(E78="Marg",$R$4,IF(D78="cash",$R$5,0))) -> 0 | D78: =+F78 -> 0 | E78: =+MID(F78,6,4) | K78: 2388097
A79: IL&FS Infrastructure Debt Fund Series 1B | B79: =+A79&""&C79 -> IL&FS Infrastructure Debt Fund Series 1B0 | C79: =+IF(E79="CBLO",$R$3,IF(E79="Marg",$R$4,IF(D79="cash",$R$5,0))) -> 0 | D79: =+F79 -> 10.80_AMRI Hospitals Ltd_31032021 | E79: =+MID(F79,6,4) -> _AMR | F79: 10.80_AMRI Hospitals Ltd_31032021 | G79: 20 | H79: 1000000 | I79: 20000000 | J79: 1000000 | K79: 20000000 | L79: 0 | M79: 0 | N79: 0.0048
A80: IL&FS Infrastructure Debt Fund Series 1B | B80: =+A80&""&C80 -> IL&FS Infrastructure Debt Fund Series 1B0 | C80: =+IF(E80="CBLO",$R$3,IF(E80="Marg",$R$4,IF(D80="cash",$R$5,0))) -> 0 | D80: =+F80 -> 0 | E80: =+MID(F80,6,4) | K80: -4110
A81: IL&FS Infrastructure Debt Fund Series 1B | B81: =+A81&""&C81 -> IL&FS Infrastructure Debt Fund Series 1B0 | C81: =+IF(E81="CBLO",$R$3,IF(E81="Marg",$R$4,IF(D81="cash",$R$5,0))) -> 0 | D81: =+F81 -> Bhilangana Hydro Power Limited_310326 | E81: =+MID(F81,6,4) -> ngan | F81: Bhilangana Hydro Power Limited_310326 | G81: 16 | H81: 1000000 | I81: 16000000 | J81: 1000000 | K81: 16000000 | L81: 0 | M81: 0 | N81: 0.0038
A82: IL&FS Infrastructure Debt Fund Series 1B | B82: =+A82&""&C82 -> IL&FS Infrastructure Debt Fund Series 1B0 | C82: =+IF(E82="CBLO",$R$3,IF(E82="Marg",$R$4,IF(D82="cash",$R$5,0))) -> 0 | D82: =+F82 -> 0 | E82: =+MID(F82,6,4) | K82: 0
A83: IL&FS Infrastructure Debt Fund Series 1B | B83: =+A83&""&C83 -> IL&FS Infrastructure Debt Fund Series 1B0 | C83: =+IF(E83="CBLO",$R$3,IF(E83="Marg",$R$4,IF(D83="cash",$R$5,0))) -> 0 | D83: =+F83 -> ADPL_Interscheme_1A_31032019 | E83: =+MID(F83,6,4) -> Inte | F83: ADPL_Interscheme_1A_31032019 | G83: 12000 | H83: 1000 | I83: 12000000 | J83: 1000 | K83: 12000000 | L83: 0 | M83: 0 | N83: 0.0029
A84: IL&FS Infrastructure Debt Fund Series 1B | B84: =+A84&""&C84 -> IL&FS Infrastructure Debt Fund Series 1B0 | C84: =+IF(E84="CBLO",$R$3,IF(E84="Marg",$R$4,IF(D84="cash",$R$5,0))) -> 0 | D84: =+F84 -> 0 | E84: =+MID(F84,6,4) | K84: 0
A85: IL&FS Infrastructure Debt Fund Series 1B | B85: =+A85&""&C85 -> IL&FS Infrastructure Debt Fund Series 1B0 | C85: =+IF(E85="CBLO",$R$3,IF(E85="Marg",$R$4,IF(D85="cash",$R$5,0))) -> 0 | D85: =+F85 -> ADPL_26_SEP_2021_2B | E85: =+MID(F85,6,4) -> 26_S | F85: ADPL_26_SEP_2021_2B | G85: 3900 | H85: 1000 | I85: 3900000 | J85: 1000 | K85: 3900000 | L85: 0 | M85: 0 | N85: 0.0009
A86: IL&FS Infrastructure Debt Fund Series 1B | B86: =+A86&""&C86 -> IL&FS Infrastructure Debt Fund Series 1B0 | C86: =+IF(E86="CBLO",$R$3,IF(E86="Marg",$R$4,IF(D86="cash",$R$5,0))) -> 0 | D86: =+F86 -> 0 | E86: =+MID(F86,6,4) | K86: 0
A87: IL&FS Infrastructure Debt Fund Series 1B | B87: =+A87&""&C87 -> IL&FS Infrastructure Debt Fund Series 1B0 | C87: =+IF(E87="CBLO",$R$3,IF(E87="Marg",$R$4,IF(D87="cash",$R$5,0))) -> 0 | D87: =+F87 -> 0 | E87: =+MID(F87,6,4) | I87: 3.2294388e+09 | K87: 3.432374e+09 | L87: 258181 | M87: 0.0001 | N87: 0.8238
A88: IL&FS Infrastructure Debt Fund Series 1B | B88: =+A88&""&C88 -> IL&FS Infrastructure Debt Fund Series 1B0 | C88: =+IF(E88="CBLO",$R$3,IF(E88="Marg",$R$4,IF(D88="cash",$R$5,0))) -> 0 | D88: =+F88 -> Fixed Deposit | E88: =+MID(F88,6,4) -> Dep | F88: Fixed Deposit
A89: IL&FS Infrastructure Debt Fund Series 1B | B89: =+A89&""&C89 -> IL&FS Infrastructure Debt Fund Series 1BTriparty Repo Margin | C89: =+IF(E89="CBLO",$R$3,IF(E89="Marg",$R$4,IF(D89="cash",$R$5,0))) -> Triparty Repo Margin | D89: =+F89 -> CBLO_Margin_02052019 | E89: =+MID(F89,6,4) -> Marg | F89: CBLO_Margin_02052019 | G89: 1000000 | H89: 1 | I89: 1000000 | J89: 1 | K89: 1000000 | L89: 0 | M89: 0 | N89: 0.0002
A90: IL&FS Infrastructure Debt Fund Series 1B | B90: =+A90&""&C90 -> IL&FS Infrastructure Debt Fund Series 1B0 | C90: =+IF(E90="CBLO",$R$3,IF(E90="Marg",$R$4,IF(D90="cash",$R$5,0))) -> 0 | D90: =+F90 -> 0 | E90: =+MID(F90,6,4) | K90: 0
A91: IL&FS Infrastructure Debt Fund Series 1B | B91: =+A91&""&C91 -> IL&FS Infrastructure Debt Fund Series 1BTriparty Repo Margin | C91: =+IF(E91="CBLO",$R$3,IF(E91="Marg",$R$4,IF(D91="cash",$R$5,0))) -> Triparty Repo Margin | D91: =+F91 -> CBLO_Margin_04122017 | E91: =+MID(F91,6,4) -> Marg | F91: CBLO_Margin_04122017 | G91: 500000 | H91: 1 | I91: 500000 | J91: 1 | K91: 500000 | L91: 0 | M91: 0 | N91: 0.0001
A92: IL&FS Infrastructure Debt Fund Series 1B | B92: =+A92&""&C92 -> IL&FS Infrastructure Debt Fund Series 1B0 | C92: =+IF(E92="CBLO",$R$3,IF(E92="Marg",$R$4,IF(D92="cash",$R$5,0))) -> 0 | D92: =+F92 -> 0 | E92: =+MID(F92,6,4) | K92: 0
A93: IL&FS Infrastructure Debt Fund Series 1B | B93: =+A93&""&C93 -> IL&FS Infrastructure Debt Fund Series 1B0 | C93: =+IF(E93="CBLO",$R$3,IF(E93="Marg",$R$4,IF(D93="cash",$R$5,0))) -> 0 | D93: =+F93 -> 0 | E93: =+MID(F93,6,4) | I93: 1500000 | K93: 1500000 | L93: 0 | M93: 0 | N93: 0.0004
A94: IL&FS Infrastructure Debt Fund Series 1B | B94: =+A94&""&C94 -> IL&FS Infrastructure Debt Fund Series 1B0 | C94: =+IF(E94="CBLO",$R$3,IF(E94="Marg",$R$4,IF(D94="cash",$R$5,0))) -> 0 | D94: =+F94 -> Money Market Discounted | E94: =+MID(F94,6,4) -> Mar | F94: Money Market Discounted
A95: IL&FS Infrastructure Debt Fund Series 1B | B95: =+A95&""&C95 -> IL&FS Infrastructure Debt Fund Series 1BTriparty Repo | C95: =+IF(E95="CBLO",$R$3,IF(E95="Marg",$R$4,IF(D95="cash",$R$5,0))) -> Triparty Repo | D95: =+F95 -> 5.35.CBLO_1B030919 | E95: =+MID(F95,6,4) -> CBLO | F95: 5.35.CBLO_1B030919 | G95: 1 | H95: 7.219245e+08 | I95: 7.219245e+08 | J95: 7.219245e+08 | K95: 7.219245e+08 | L95: 0 | M95: 0 | N95: 0.1733
A96: IL&FS Infrastructure Debt Fund Series 1B | B96: =+A96&""&C96 -> IL&FS Infrastructure Debt Fund Series 1B0 | C96: =+IF(E96="CBLO",$R$3,IF(E96="Marg",$R$4,IF(D96="cash",$R$5,0))) -> 0 | D96: =+F96 -> 0 | E96: =+MID(F96,6,4) | I96: 7.219245e+08 | K96: 7.219245e+08 | L96: 0 | M96: 0 | N96: 0.1733
A97: IL&FS Infrastructure Debt Fund Series 1B | B97: =+A97&""&C97 -> IL&FS Infrastructure Debt Fund Series 1B0 | C97: =+IF(E97="CBLO",$R$3,IF(E97="Marg",$R$4,IF(D97="cash",$R$5,0))) -> 0 | D97: =+F97 -> Cash / Bank | E97: =+MID(F97,6,4) -> / Ba | F97: Cash / Bank
A98: IL&FS Infrastructure Debt Fund Series 1B | B98: =+A98&""&C98 -> IL&FS Infrastructure Debt Fund Series 1BCash & Cash Equivalents | C98: =+IF(E98="CBLO",$R$3,IF(E98="Marg",$R$4,IF(D98="cash",$R$5,0))) -> Cash & Cash Equivalents | D98: =+F98 -> CASH | E98: =+MID(F98,6,4) | F98: CASH | G98: 15931939 | H98: 1 | I98: 15931939 | J98: 1 | K98: 15931939 | L98: 0 | M98: 0 | N98: 0.0038
A99: IL&FS Infrastructure Debt Fund Series 1B | B99: =+A99&""&C99 -> IL&FS Infrastructure Debt Fund Series 1B0 | C99: =+IF(E99="CBLO",$R$3,IF(E99="Marg",$R$4,IF(D99="cash",$R$5,0))) -> 0 | D99: =+F99 -> CASH Rec/Payable | E99: =+MID(F99,6,4) -> Rec/ | F99: CASH Rec/Payable | G99: -5072487.8 | H99: 1 | I99: -5072487.8 | J99: 1 | K99: -5072487.8 | L99: 0 | M99: 0 | N99: -0.0012
A100: IL&FS Infrastructure Debt Fund Series 1B | B100: =+A100&""&C100 -> IL&FS Infrastructure Debt Fund Series 1B0 | C100: =+IF(E100="CBLO",$R$3,IF(E100="Marg",$R$4,IF(D100="cash",$R$5,0))) -> 0 | D100: =+F100 -> 0 | E100: =+MID(F100,6,4) | I100: 10859451 | K100: 10859451 | L100: 0 | M100: 0 | N100: 0.0026
A101: IL&FS Infrastructure Debt Fund Series 1B | B101: =+A101&""&C101 -> IL&FS Infrastructure Debt Fund Series 1B0 | C101: =+IF(E101="CBLO",$R$3,IF(E101="Marg",$R$4,IF(D101="cash",$R$5,0))) -> 0 | D101: =+F101 -> Other Assets | E101: =+MID(F101,6,4) -> Ass | F101: Other Assets
A102: IL&FS Infrastructure Debt Fund Series 1B | B102: =+A102&""&C102 -> IL&FS Infrastructure Debt Fund Series 1B0 | C102: =+IF(E102="CBLO",$R$3,IF(E102="Marg",$R$4,IF(D102="cash",$R$5,0))) -> 0 | D102: =+F102 -> Other Liabilities and Assets | E102: =+MID(F102,6,4) -> Lia | F102: Other Liabilities and Assets | G102: 0.003 | H102: 1 | I102: 0.003 | J102: 1 | K102: 0 | L102: 0 | M102: 0 | N102: 0
...
